 Dungeon Crawl Stone Soup version 0.20.1-1-g8b1a95d (webtiles) character file.

80277 Glalom the Brawler (level 15, -5/164 HPs)
             Began as a Troll Monk on Nov 4, 2017.
             Was a High Priest of Trog.
             Slain by a tengu warrior
             ... wielding a +0 great sword
              (10 damage)
             ... on level 13 of the Dungeon.
             The game lasted 01:00:00 (19615 turns).

Glalom the Brawler (Troll Monk)                    Turns: 19615, Time: 01:00:01

Health: -5/164     AC: 17    Str: 32      XL:     15   Next: 23%
Magic:  0/19       EV: 11    Int:  0 (6)  God:    Trog [*****.]
Gold:   2411       SH: 20    Dex: 17      Spells: 14/14 levels left

rFire    + . .     SeeInvis .     - Unarmed
rCold    + . .     Gourm    +   H - +0 large shield {AC+3}
rNeg     . . .     Faith    .   N - +4 troll leather armour
rPois    .         Spirit   +   A - +2 hat
rElec    .         Reflect  .   a - scarf {Spirit}
rCorr    +         Harm     .   (gloves unavailable)
MR       +....                  (boots unavailable)
Stlth    +.........             w - amulet of Vitality {Regen+ HP+15}
Regen    1.6/turn               g - ring of resist corrosion
MPRegen  0.2/turn               m - ring "Pusoat" {rF+ rC+ AC+1 Str+4 Int+2}

@: mighty, barbed spikes, slowed, lost intelligence, drained, very slow
A: unfitting armour, claws 3, dopey 1, fast metabolism 3, gourmand, regeneration
1, shaggy fur 1, tough skin 2, MP-powered wands
a: Berserk, Trog's Hand, Brothers in Arms, Burn Spellbooks, Renounce Religion


You were on level 13 of the Dungeon.
You worshipped Trog.
Trog was extremely pleased with you.
You were full.

You visited 4 branches of the dungeon, and saw 22 of its levels.
You also visited: Ice Cave.

You collected 2411 gold pieces.

Inventory:

Hand Weapons
 b - a +7 hunting sling of flaming
Missiles
 K - 4 poisoned javelins (quivered)
 Z - 2 javelins of returning
Armour
 a - a scarf of spirit shield (worn)
 A - a +2 hat (worn)
 H - a +0 large shield of protection (worn)
 J - a +2 cloak
 N - a +4 troll leather armour (worn)
Jewellery
 g - a ring of resist corrosion (left claw)
 m - the ring "Pusoat" (right claw) {rF+ rC+ AC+1 Str+4 Int+2}
   (You acquired it on level 2 of the Orcish Mines)

   [ring of protection]

   It affects your AC (+1).
   It affects your strength (+4).
   It affects your intelligence (+2).
   It protects you from fire.
   It protects you from cold.
 w - the amulet of Vitality (around neck) {Regen+ HP+15}
   (You found it on level 5 of the Dungeon)

   [amulet of regeneration]

   It affects your health (+15).
   It increases your rate of regeneration.
Wands
 l - a wand of lightning (3/15)
 y - a wand of digging (6/24)
 S - a wand of lightning (5/15)
 U - a wand of lightning (8/15)
Scrolls
 e - 2 scrolls of enchant armour
 f - 9 scrolls of remove curse
 h - 9 scrolls of teleportation
 r - 2 scrolls of fog
 s - 4 scrolls of magic mapping
 v - 4 scrolls of enchant weapon
 C - a scroll of random uselessness {unknown}
 E - 2 scrolls of noise {unknown}
 G - a scroll of acquirement
 P - a scroll of recharging {unknown}
 T - a scroll of fear {unknown}
Potions
 i - 2 potions of flight {unknown}
 j - 2 potions of degeneration {unknown}
 k - a potion of agility {unknown}
 o - 2 potions of lignification
 q - 3 potions of heal wounds {unknown}
 t - 3 potions of brilliance {unknown}
 B - 2 potions of resistance {unknown}
 D - 6 potions of haste {unknown}
 F - 5 potions of curing
 M - 3 potions of mutation {unknown}
 O - 2 potions of might
 X - a potion of ambrosia {unknown}
Miscellaneous
 I - a sack of spiders
 L - a lamp of fire
Comestibles
 d - 21 royal jellies


   Skills:
 - Level 10.0(9.2) Fighting
 - Level 2.7(4.3) Slings
 - Level 8.5(8.1) Throwing
 - Level 6.0(5.3) Dodging
 - Level 1.0(0.4) Stealth
 + Level 11.3(10.5) Shields
 - Level 15.1(14.2) Unarmed Combat
 + Level 6.9(6.2) Evocations


You had 14 spell levels left.
You didn't know any spells.

Dungeon Overview and Level Annotations

Branches:
Dungeon (13/15)            Temple (1/1) D:4            Lair (6/6) D:8
  Swamp (0/4) Lair:4        Snake (0/4) Lair:4        Slime (0/5) Lair:6
    Orc (2/2) D:12            Elf (0/3) Orc:2
 Vaults: D:13-14

Altars:
Ashenzari
Cheibriados
Dithmenos
Elyvilon
Fedhas
Gozag
Hepliaklqana
Kikubaaqudgha
Makhleb
Nemelex Xobeh
Okawaru
Qazlal
Ru
Sif Muna
Trog
Uskayaw
Vehumet
Xom
Yredelemnul
Zin
The Shining One
Jiyva

Shops:
Orc:2 *%[}

Portals:
Pandemonium: Orc:2

Annotations:
D:11 3 runed doors, exclusion: orange crystal statue
D:13 exclusion: orange crystal statue


Innate Abilities, Weirdness & Mutations

You are too large for most types of armour.
You have claws for hands.
Your metabolism is lightning-fast.
You like to eat raw meat.
Your natural rate of healing is unusually fast.
You are covered in fur. (AC +1)
You have very tough skin. (AC +2)
You are dopey. (Int -2)
You expend magic power (3 MP) to strengthen your wands.


Message History

* * * LOW HITPOINT WARNING * * *
You block the manticore's attack. x2
The tengu warrior hits you with a great sword.
* * * LOW HITPOINT WARNING * * *
You block the tengu warrior's attack.
The tengu warrior claws you but does no damage.
The manticore misses you. The manticore claws you.
* * * LOW HITPOINT WARNING * * *
The manticore claws you but does no damage.
It was a potion of might.
You feel very mighty all of a sudden.
The tengu warrior hits you with a great sword!!
* * * LOW HITPOINT WARNING * * *
You block the tengu warrior's attack. The tengu warrior claws you.
* * * LOW HITPOINT WARNING * * *
You block the manticore's attack.
The manticore claws you but does no damage.
The manticore barely misses you.
The tengu warrior hits you with a great sword!
You die...

## ..# #.# #######
###.##### #......
.......#### #.##... #
##.###.#..###.##...
#.#.}................
#...$).#..<....)....#
#..H@#........#######
#..Q.#####.##.#######
#....# #.##........
....... ..##########
........# ####
###.....# # ..#....
## ........ #. ##


You could see a tengu warrior and a manticore.

Vanquished Creatures
  An orc warlord (Orc:2)
  Snorg (Lair:6)
  An ettin (Orc:2)
  Fannar (Lair:2)
  2 hydras
  2 two-headed ogres
  A dancing weapon (D:13)
  8 death yaks
  5 orc high priests (Orc:2)
  Sonja (Lair:2)
  Nergalle (D:10)
  A sixfirhy (Orc:2)
  2 unseen horrors
  A torturous demonspawn (Orc:2)
  A gelid demonspawn (Orc:2)
  An infernal demonspawn (Orc:2)
  Pikel (D:6)
  4 ugly things
  5 orc knights
  A deep elf mage (D:6)
  6 orc sorcerers
  2 cyclopes
  A guardian serpent (shapeshifter) (D:13)
  4 elephants (Lair:2)
  A centaur zombie (D:13)
  A black mamba (Lair:4)
  A gargoyle (D:12)
  2 ice statues (IceCv)
  19 spiny frogs
  A torpor snail (Lair:5)
  9 komodo dragons
  4 rime drakes
  2 kobold demonologists (D:12)
  An ice devil (Orc:2)
  A tengu conjurer (D:13)
  2 red devils (Orc:2)
  5 trolls
  A queen bee (Lair:2)
  4 polar bears
  Grinder (D:3)
  Prince Ribbit (D:6)
  5 tyrant leeches (Lair:6)
  A hornet (D:13)
  24 blink frogs
  2 slime creatures
  8 hippogriffs
  7 dream sheep (Lair:6)
  A spriggan (Lair:4)
  3 wyverns
  A vampire (D:12)
  50 yaks
  2 basilisks
  A steam dragon (D:12)
  A hungry ghost (D:10)
  A neqoxec (Orc:2)
  6 vampire mosquitoes (Lair:6)
  7 wargs
  A soldier ant (D:13)
  3 nagas (Lair:4)
  7 porcupines
  9 water moccasins
  19 ice beasts
  29 orc warriors
  2 sky beasts
  3 phantoms
  7 ogres
  2 necrophages
  7 wolves
  10 centaurs
  12 crocodiles
  3 big kobolds
  31 bullfrogs
  2 gnoll sergeants (D:11)
  3 scorpions
  The ghost of Thaneod the Chopper, a weakling MiGl (D:3)
  21 killer bees
  3 electric eels (Lair:6)
  A howler monkey (D:7)
  5 crimson imps
  4 hounds
  2 quasits
  3 bullfrog zombies
  13 orc wizards
  23 orc priests
  A centaur skeleton (D:9)
  5 jellies
  4 bullfrog skeletons
  6 iguanas
  14 worker ants
  A killer bee zombie (D:5)
  2 hound skeletons
  13 gnolls
  A howler monkey skeleton (D:9)
  11 adders
  4 shadow imps
  16 oozes
  A worm (D:2)
  2 dart slugs
  3 leopard geckos
  84 orcs
  A ball python (D:4)
  8 bats
  3 giant cockroaches
  6 goblins
  2 hobgoblins
  14 jackals
  4 quokkas
  3 frilled lizards
  17 kobolds
  A quokka skeleton (D:8)
  8 rats
691 creatures vanquished.

Vanquished Creatures (collateral kills)
  2 orc high priests (Orc:2)
  3 orc knights
  9 yaks (Lair:6)
  2 orc warriors
  An ogre (Orc:1)
  A bullfrog (Lair:2)
  4 killer bees (Lair:2)
  3 orc priests
  2 orc wizards (Orc:1)
  2 orcs (Orc:1)
29 creatures vanquished.

Vanquished Creatures (others)
  An orc warrior (Orc:2)
  A crimson imp (D:6)
  An orc priest (Orc:2)
  2 orcs (D:6)
  23 fungi
  48 plants
76 creatures vanquished.

Grand Total: 796 creatures vanquished

Notes
Turn   | Place    | Note
-------+----------+-------------------------------------------
     0 | D:1      | Glalom the Troll Monk began the quest for the Orb.
     0 | D:1      | Reached XP level 1. HP: 22/22 MP: 0/0
    56 | D:1      | Reached XP level 2. HP: 29/29 MP: 1/1
   100 | D:1      | Reached skill level 4 in Unarmed Combat
   169 | D:1      | Reached XP level 3. HP: 34/36 MP: 2/2
   833 | D:2      | Reached XP level 4. HP: 44/44 MP: 3/3
   880 | D:2      | Reached skill level 5 in Unarmed Combat
  1393 | D:3      | Noticed Thaneod's ghost (weakling MiGl)
  1406 | D:3      | Killed Thaneod's ghost
  1406 | D:3      | Reached XP level 5. HP: 6/50 MP: 4/4
  1564 | D:3      | Found a faded altar of an unknown god.
  1786 | D:3      | Noticed Grinder
  1799 | D:3      | Killed Grinder
  1799 | D:3      | Reached skill level 6 in Unarmed Combat
  1799 | D:3      | Reached XP level 6. HP: 37/61 MP: 5/5
  1839 | D:3      | Found a sacrificial altar of Ru.
  2066 | D:4      | Found a staircase to the Ecumenical Temple.
  2072 | Temple   | Entered the Ecumenical Temple
  2339 | Temple   | Became a worshipper of Trog the Wrathful
  2339 | Temple   | Reached * piety under Trog
  2339 | Temple   | Reached ** piety under Trog
  2805 | D:5      | Entered Level 5 of the Dungeon
  2896 | D:5      | Reached XP level 7. HP: 59/67 MP: 6/6
  2921 | D:5      | Reached skill level 7 in Unarmed Combat
  3456 | D:6      | Noticed Pikel
  3461 | D:6      | Killed Pikel
  3461 | D:6      | Reached skill level 8 in Unarmed Combat
  3461 | D:6      | Reached XP level 8. HP: 79/79 MP: 7/7
  3506 | D:6      | Noticed Prince Ribbit
  3516 | D:6      | Killed Prince Ribbit
  3641 | D:6      | Reached skill level 9 in Unarmed Combat
  3696 | D:6      | Reached skill level 5 in Fighting
  3696 | D:6      | Reached skill level 5 in Dodging
  3995 | D:6      | Noticed a deep elf mage
  4003 | D:6      | Killed a deep elf mage
  4003 | D:6      | Reached XP level 9. HP: 80/88 MP: 8/8
  4132 | D:7      | Reached skill level 10 in Unarmed Combat
  4180 | D:7      | Killed an unseen horror
  4189 | D:7      | Reached *** piety under Trog
  4365 | D:7      | Identified a scroll of acquirement
  4472 | D:7      | Found a burning altar of Makhleb.
  4718 | D:8      | Reached skill level 1 in Shields
  4874 | D:8      | Found a staircase to the Lair.
  4917 | D:8      | Reached skill level 11 in Unarmed Combat
  4922 | D:8      | Reached XP level 10. HP: 98/98 MP: 9/9
  5754 | D:9      | Reached skill level 12 in Unarmed Combat
  5852 | D:9      | Reached **** piety under Trog
  5969 | D:9      | Found a deep blue altar of Sif Muna.
  6093 | D:9      | Found a sacrificial altar of Ru.
  6319 | D:10     | Entered Level 10 of the Dungeon
  6467 | D:10     | Killed an unseen horror
  6703 | D:10     | Noticed a two-headed ogre
  6710 | D:10     | Killed a two-headed ogre
  6710 | D:10     | Reached XP level 11. HP: 109/109 MP: 10/10
  6802 | D:10     | Noticed Nergalle
  6814 | D:10     | Killed Nergalle
  7165 | D:11     | Reached skill level 13 in Unarmed Combat
  7265 | D:11     | Noticed a white ugly thing
  7271 | D:11     | Killed a white ugly thing
  7364 | D:11     | Found a runed door.
  7375 | D:11     | Found a runed door.
  7387 | D:11     | Found a runed door.
  7396 | D:11     | Noticed an orange crystal statue
  7409 | D:11     | Noticed a two-headed ogre
  7418 | D:11     | Killed a two-headed ogre
  7418 | D:11     | Reached skill level 5 in Shields
  7524 | D:11     | Found a runed door.
  7767 | D:11     | Reached ***** piety under Trog
  7921 | D:12     | Noticed a cyan ugly thing
  8057 | D:12     | Received a gift from Trog
  8327 | D:12     | Killed a cyan ugly thing
  8511 | D:12     | Reached skill level 14 in Unarmed Combat
  8533 | D:12     | Found a staircase to the Orcish Mines.
  8542 | D:12     | Reached XP level 12. HP: 122/122 MP: 11/11
  8606 | D:12     | Noticed an eight-headed hydra
  8622 | D:11     | Killed a 16-headed hydra
  8622 | D:11     | Reached skill level 1 in Throwing
  8733 | Lair:1   | Entered Level 1 of the Lair of Beasts
  9833 | Lair:2   | Noticed Sonja
  9845 | Lair:2   | Killed Sonja
 10015 | Lair:2   | Reached skill level 1 in Slings
 10167 | Lair:2   | Noticed Fannar
 10183 | Lair:2   | Killed Fannar
 10744 | Lair:2   | Reached XP level 13. HP: 133/133 MP: 12/12
 11375 | Lair:3   | Reached skill level 10 in Fighting
 12305 | Lair:4   | Found a frozen archway.
 12324 | Lair:4   | Received a gift from Trog
 12397 | Lair:4   | Reached skill level 15 in Unarmed Combat
 12425 | IceCv    | Entered an ice cave
 12426 | IceCv    | Found a transporter.
 12734 | Lair:4   | Found a staircase to the Swamp.
 12797 | Lair:4   | Found a staircase to the Snake Pit.
 13151 | Lair:4   | Reached skill level 1 in Evocations
 13288 | Lair:4   | Reached skill level 5 in Throwing
 13613 | Lair:5   | Reached ****** piety under Trog
 14068 | Lair:5   | Received a gift from Trog
 14655 | Lair:6   | Entered Level 6 of the Lair of Beasts
 14659 | Lair:6   | Noticed Snorg
 14676 | Lair:6   | Killed Snorg
 14686 | Lair:6   | Reached XP level 14. HP: 127/143 MP: 15/15
 15129 | Lair:6   | Received a gift from Trog
 15225 | Lair:6   | Received a gift from Trog
 15461 | Lair:6   | Received a gift from Trog
 15492 | Lair:6   | Reached skill level 10 in Shields
 15698 | Lair:6   | Found a viscous altar of Jiyva.
 15699 | Lair:6   | Found a staircase to the Slime Pits.
 16329 | Orc:1    | Entered Level 1 of the Orcish Mines
 16523 | Orc:1    | Reached skill level 5 in Evocations
 16738 | Orc:1    | Received a gift from Trog
 16859 | Orc:2    | Entered Level 2 of the Orcish Mines
 16923 | Orc:2    | Noticed an orc warlord
 16948 | Orc:2    | Killed an orc warlord
 17113 | Orc:2    | Found a staircase to the Elven Halls.
 17194 | Orc:2    | Found Kaperr's General Store.
 17196 | Orc:2    | Found Uwyhu's Food Boutique.
 17642 | Orc:2    | Gained mutation: You are dopey. (Int -2) [a neqoxec]
 17752 | Orc:2    | Gained mutation: You expend magic power (3 MP) to strengthen your wands. [a neqoxec]
 17817 | Orc:2    | Received a gift from Trog
 17858 | Orc:2    | Reached XP level 15. HP: 138/149 MP: 18/18
 17910 | Orc:2    | HP: 3/246 [infernal demonspawn/great sword (12)]
 17920 | Orc:2    | HP: 5/246 [gelid demonspawn/halberd (12)]
 18086 | Orc:2    | Found Xiann's Antique Armour Shoppe.
 18086 | Orc:2    | Found a one-way gate leading to the halls of Pandemonium.
 18086 | Orc:2    | Found Caets's Gadget Emporium.
 18135 | Orc:2    | Got a shimmering lapis lazuli ring
 18136 | Orc:2    | Identified the ring "Pusoat" {rF+ rC+ AC+1 Str+4 Int+2} (You acquired it on level 2 of the Orcish Mines)
 18462 | Orc:1    | Paralysed by an orc sorcerer for 7 turns
 19345 | D:13     | Lost intelligence.
 19615 | D:13     | HP: 5/164 [tengu warrior/great sword (6)]
 19615 | D:13     | Slain by a tengu warrior

Skill      XL: |  1  2  3  4  5  6  7  8  9 10 11 12 13 14 15 |
---------------+----------------------------------------------+-----
Unarmed Combat | 4 5 6 8 9 11 12 14 15 | 15.1
Fighting       | 3 4 5 6 7 8 9 10 | 10.0
Dodging        | 3 4 5 6 |  6.0
Shields        | 1 4 5 7 9 10 11 | 11.3
Throwing       | 3 6 8 |  8.5
Slings         | 2 |  2.7
Evocations     | 3 6 |  6.9
Stealth        | |  1.0

Action                   |  1- 3 |  4- 6 |  7- 9 | 10-12 | 13-15 || total
-------------------------+-------+-------+-------+-------+-------++-------
Melee: Unarmed           |    69 |   104 |   169 |   722 |  1213 ||  2277
       Punch             |       |     3 |     4 |       |       ||     7
 Fire: Hunting sling     |       |       |       |       |     6 ||     6
Invok: Berserk           |       |     1 |     6 |    18 |    23 ||    48
       Burn Spellbooks   |       |       |     1 |     3 |     2 ||     6
       Trog's Hand       |       |       |     1 |     2 |     3 ||     6
       Brothers in Arms  |       |       |       |     1 |     5 ||     6
Evoke: Lamp of fire      |       |       |       |       |     1 ||     1
       Sack of spiders   |       |       |       |       |     1 ||     1
  Use: Scroll            |       |     1 |     4 |     4 |    19 ||    28
       Potion            |       |       |       |       |     2 ||     2
 Stab: Sleeping          |     3 |     4 |     2 |    10 |     2 ||    21
       Distracted        |       |       |       |       |     1 ||     1
  Eat: Chunk             |     9 |    24 |    24 |    71 |   106 ||   234
Armor: Robe              |    29 |    26 |    63 |    77 |       ||   195
       Steam dragon scal |       |       |       |    11 |       ||    11
       Troll leather arm |       |       |       |   192 |   344 ||   536
Dodge: Dodged            |    36 |    48 |    69 |   304 |   322 ||   779
Block: Large shield      |       |       |    27 |   711 |   975 ||  1713
